[Event "ICC tourney 2837 (30 10)"]
[Site "Internet Chess Club"]
[Date "2022.02.27"]
[Round "5"]
[White "THAPER, RISHUBH:MajorKey"]
[Black "HIBBS, ROBERT:BotanicalKnight"]
[Result "0-1"]
[ICCResult "White checkmated"]
[WhiteElo "1123"]
[BlackElo "1332"]
[Opening "Dutch defense, Rubinstein variation"]
[ECO "A84"]
[NIC "HD.10"]
[Time "21:00:46"]
[PlyCount "66"]
[TimeControl "1800+10"]

1. d4 f5 2. c4 e6 3. Nc3 d5 4. e3 Nf6 5. Nf3 Be7 6. Bd3 O-O 7. O-O c6 8. Re1
Ne4 9. Qb3 Kh8 10. cxd5 exd5 11. Qc2 Nd7 12. Bd2 g5 13. Ne5 Nxe5 14. dxe5
Be6 15. f3 Nxd2 16. Qxd2 Qe8 17. e4 dxe4 18. fxe4 f4 19. Qe2 Qb8 20. Bc4
Qxe5 21. Bxe6 Qxe6 22. Rad1 g4 23. Rd3 Rf7 24. Red1 Raf8 25. Qf2 Qe5 26. Kh1
Bc5 27. Qh4 f3 28. Qxg4 fxg2+ 29. Qxg2 Rg7 30. Rg3 Rxg3 31. Qxg3 Qh5 32. Rd7
Rf1+ 33. Kg2 Rg1# {White checkmated} 0-1